 Dungeon Crawl Stone Soup version 0.27-a0-148-g9515ab555c (webtiles) character file.

Game seed: 14359585659573638729

125 knot the Chopper (level 4, 34/52 HPs)
             Began as a Demonspawn Berserker on Jan 27, 2021.
             Was a Follower of Trog.
             Quit the game on level 2 of the Dungeon.
             The game lasted 00:01:55 (1220 turns).

knot the Chopper (Demonspawn Berserker)             Turns: 1220, Time: 00:01:56

Health: 34/52      AC:  5    Str: 17    XL:     4   Next: 82%
Magic:  4/4        EV: 11    Int: 10    God:    Trog [*.....]
Gold:   60         SH:  4    Dex: 12    Spells: 3/3 levels left

rFire    . . .     SeeInvis .   a - +0 hand axe
rCold    . . .     Faith    .   (no shield)
rNeg     . . .     Spirit   .   g - +0 ring mail
rPois    .         Reflect  .   (no helmet)
rElec    .         Harm     .   (no cloak)
rCorr    .         Rampage  .   (no gloves)
Will     .....                  (no boots)
Stlth    ..........             (no amulet)
HPRegen  0.17/turn              (no ring)
MPRegen  0.09/turn              (no ring)

@: berserking (expiring), very quick
A: claws 1, condensation shield
a: Renounce Religion, Berserk


You were on level 2 of the Dungeon.
You worshipped Trog.
Trog was aware of your devotion.
You visited 1 branch of the dungeon, and saw 2 of its levels.

You collected 60 gold pieces.

Inventory:

Hand Weapons
 a - a +0 hand axe (weapon)
Missiles
 e - 28 sling bullets
 h - 72 stones
Armour
 g - a +0 ring mail (worn)
Scrolls
 c - 3 scrolls of remove curse {unknown}
 d - 2 scrolls of identify {unknown}
 j - a scroll of fear {unknown}
 l - 2 scrolls of fog {unknown}
 m - 3 scrolls of amnesia {unknown}
Potions
 b - a potion of heal wounds {unknown}
 f - a potion of haste {unknown}
 i - a potion of degeneration {unknown}
 k - 2 potions of resistance {unknown}


   Skills:
 - Level 3.0 Fighting
 + Level 5.1 Axes
 - Level 1.7 Armour
 - Level 1.7 Dodging


You had 3 spell levels left.
You didn't know any spells.
Your spell library was empty.

Dungeon Overview and Level Annotations

Branches:
Dungeon (2/15)

Altars:


Innate Abilities, Weirdness & Mutations

You have sharp fingernails.
A meltable shield of frost defends you. (SH +4)


Message History

The phantom is almost destroyed.
The phantom hits you but does no damage.
You closely miss the phantom.
The phantom is almost destroyed.
You closely miss the phantom.
The phantom is almost destroyed.
The phantom hits you.
You barely miss the phantom.
The phantom is almost destroyed.
The phantom barely misses you.
You slash the phantom!
You destroy the phantom!
Trog accepts your kill.
Your Axes skill gained 2 levels and is now at level 5!
You have reached level 4!
You feel clever.
Your demonic ancestry asserts itself...
Frost condenses into a shield before you.
Are you sure you want to abandon this character and quit the game? (Confirm with "yes".)
Okay, then.
Are you sure you want to abandon this character and quit the game? (Confirm with "yes".)

#... .>. ... #.# .. #.#
#.# #.# .. #.# #####.##
#.# #...#.?#
#.###...##.#######
##.#####......@..........
#.......####...###.######
#.........##...# .#
#.......#.##...# ..
#.......#.##...# #.#
#.......#.###### ..
#.......#.# #.. ######
#.......#.##### .. #.....
#########.....# #.....


There were no monsters in sight!

Vanquished Creatures
  A phantom (D:2)
  An ooze (D:1)
  5 giant cockroaches (D:1)
  3 goblins
  6 hobgoblins (D:1)
  A jackal (D:1)
  2 kobolds (D:1)
  A quokka (D:2)
  8 rats
28 creatures vanquished.

Notes
Turn   | Place    | Note
-------+----------+-------------------------------------------
     0 | D:1      | knot the Demonspawn Berserker began the quest for the Orb.
     0 | D:1      | Reached XP level 1. HP: 18/18 MP: 1/1
    29 | D:1      | HP: 1/27 [hobgoblin/+0 club (1)]
    30 | D:1      | Reached skill level 3 in Axes
   363 | D:1      | Gained mutation: You have sharp fingernails. [demonic
                  | ancestry]
   363 | D:1      | Reached XP level 2. HP: 22/24 MP: 2/2
   798 | D:1      | Reached XP level 3. HP: 28/29 MP: 3/3
  1201 | D:2      | Noticed a phantom
  1219 | D:2      | Killed a phantom
  1220 | D:2      | Reached skill level 5 in Axes
  1220 | D:2      | Gained mutation: A meltable shield of frost defends you.
                  | (SH +4) [demonic ancestry]
  1220 | D:2      | Reached XP level 4. HP: 34/35 MP: 4/4
  1220 | D:2      | Quit the game

Illustrated notes

Levels and vault maps discovered:
D:1:      lemuel_arrival_behind_the_door_small, layout_basic, st_stairs_3,
          minmay_worlds_worst_comb
D:2:      layout_basic

Skill      XL: |  1  2  3 |
---------------+----------+-----
Axes           | 3 5 |  5.1
Fighting       | |  3.0
Armour         | |  1.7
Dodging        | |  1.7

Action                   |  1- 3 |  4- 6 || total
-------------------------+-------+-------++-------
Melee: Hand axe          |    85 |       ||    85
Invok: Berserk           |     2 |       ||     2
Armor: Ring mail         |    22 |       ||    22
       Animal skin       |     1 |       ||     1
Dodge: Dodged            |    62 |       ||    62

Table legend: (Time is in decaauts)
 A = Elapsed time spent in this place.
 B = Non-inter-level travel time spent in this place.
 C = Inter-level travel time spent in this place.
 D = Time resting spent in this place.
 E = Time spent auto-exploring this place.
 F = Levels seen in this place.
 G = Mean time per level.
                   A        B        C        D        E       F      G
               +--------+--------+--------+--------+--------+-----+--------+
         Total |   1233 |   1218 |     15 |    271 |    758 |   2 |  616.5 |
       Dungeon |   1233 |   1218 |     15 |    271 |    758 |   2 |  616.5 |
               +--------+--------+--------+--------+--------+-----+--------+

Top non-repeatable levels by time:
     D:1: 1028 daAuts
     D:2: 205 daAuts
